TOP OF THE 1ST |
Newark Bulldogs batting - Pitching for Rio Grande Rattlesnake : RHP Manny Silva
|
Pitching: RHP Manny Silva
|
|
Batting: LHB Gerardo Guzmán
|
0-0: Ground out 4-3 (Groundball, 4)
|
Batting: RHB Tony Long
|
0-0: Called Strike 0-1: Fly out, F6 (Line Drive, 56)
|
Batting: RHB Ken McDonald
|
0-0: SINGLE (Line Drive, 56D)
|
Batting: RHB Randy Simons
|
0-0: Called Strike 0-1: Ball 1-1: Foul Ball, location: 2F 1-2: Strikes out swinging
|
Top of the 1st over - 0 run(s), 1 hit(s), 0 error(s), 1 left on base; Newark 0 - Rio Grande 0 |
BOTTOM OF THE 1ST |
Rio Grande Rattlesnake batting - Pitching for Newark Bulldogs : RHP Russ Brown
|
Pitching: RHP Russ Brown
|
|
Batting: RHB David Suarze
|
0-0: Ball 1-0: Called Strike 1-1: Ball 2-1: Foul Ball, location: 2F 2-2: Foul Ball, location: 2F 2-2: Ground out 6-3 (Groundball, 6)
|
Batting: SHB William Daly
|
0-0: Ball 1-0: Called Strike 1-1: Ball 2-1: Ball 3-1: Base on Balls
|
Batting: RHB Cristián Román
|
0-0: Ball 1-0: Called Strike 1-1: Foul Ball, location: 2F 1-2: Foul Ball, location: 2F 1-2: Ball 2-2: Foul Ball, location: 2F 2-2: Fly out, F8 (Flyball, 78M)
|
Batting: RHB Miguel Hernández
|
0-0: Foul Ball, location: 2F 0-1: SINGLE (Groundball, 6MD) William Daly to second Runner from 2nd tries for 3rd, SAFE, no throw
|
Batting: RHB Joe Courtier
|
0-0: Ball 1-0: Ball 2-0: Swinging Strike 2-1: Ball 3-1: Fielders Choice at 2nd, 6-4 (Groundball, 6)
|
Bottom of the 1st over - 0 run(s), 1 hit(s), 0 error(s), 1 left on base; Newark 0 - Rio Grande 0 |
TOP OF THE 2ND |
Newark Bulldogs batting - Pitching for Rio Grande Rattlesnake : RHP Manny Silva
|
Batting: RHB Norris Howard
|
0-0: DOUBLE (Line Drive, 7D)
|
Batting: LHB Wes Thompson
|
0-0: Fly out, F7 (Flyball, 78M)
|
Batting: RHB Pablo Gómez
|
0-0: Ball 1-0: Called Strike 1-1: Foul Ball, location: 2F 1-2: Ball 2-2: Strikes out swinging
|
Batting: LHB Ángel Tuzzi
|
0-0: SINGLE (Groundball, 4D) Norris Howard to third Runner from 3rd tries for Home, SAFE, no throw
|
Batting: RHB Juan Martínez
|
0-0: Ball 1-0: Foul Ball, location: 2F 1-1: DOUBLE (Line Drive, 89M) Ángel Tuzzi to third Runner from 3rd tries for Home, SAFE, no throw
|
Batting: LHB Gerardo Guzmán
|
0-0: Called Strike 0-1: Ball 1-1: Called Strike 1-2: Strikes out swinging
|
Top of the 2nd over - 2 run(s), 3 hit(s), 0 error(s), 1 left on base; Newark 2 - Rio Grande 0 |
BOTTOM OF THE 2ND |
Rio Grande Rattlesnake batting - Pitching for Newark Bulldogs : RHP Russ Brown
|
Batting: RHB Jeff Bane
|
0-0: Ball 1-0: Called Strike 1-1: Fly out, F3 (Line Drive, 34)
|
Batting: RHB Doug Delaney
|
0-0: Called Strike 0-1: Ball 1-1: Ball 2-1: Ball 3-1: Fly out, F4 (Popup, 34D)
|
Batting: RHB Gilberto Silva
|
0-0: Called Strike 0-1: Ball 1-1: Ball 2-1: Called Strike 2-2: Foul Ball, location: 2F 2-2: Foul Ball, location: 2F 2-2: Foul Ball, location: 2F 2-2: Fly out, F8 (Flyball, 8RM)
|
Bottom of the 2nd over - 0 run(s), 0 hit(s), 0 error(s), 0 left on base; Newark 2 - Rio Grande 0 |
TOP OF THE 3RD |
Newark Bulldogs batting - Pitching for Rio Grande Rattlesnake : RHP Manny Silva
|
Batting: RHB Tony Long
|
0-0: Ball 1-0: Fly out, F9 (Flyball, 9)
|
Batting: RHB Ken McDonald
|
0-0: Ball 1-0: Fly out, F5 (Popup, 5S)
|
Batting: RHB Randy Simons
|
0-0: Called Strike 0-1: Foul Ball, location: 2F 0-2: Ball 1-2: Ball 2-2: Foul Ball, location: 2F 2-2: Strikes out swinging
|
Top of the 3rd over - 0 run(s), 0 hit(s), 0 error(s), 0 left on base; Newark 2 - Rio Grande 0 |
BOTTOM OF THE 3RD |
Rio Grande Rattlesnake batting - Pitching for Newark Bulldogs : RHP Russ Brown
|
Batting: RHB Juan López
|
0-0: Ball 1-0: Ball 2-0: Called Strike 2-1: Ball 3-1: Swinging Strike 3-2: Strikes out swinging
|
Batting: RHB David Suarze
|
0-0: Called Strike 0-1: Foul Ball, location: 2F 0-2: Ball 1-2: Strikes out swinging
|
Batting: SHB William Daly
|
0-0: Called Strike 0-1: Ball 1-1: Ball 2-1: Foul Ball, location: 2F 2-2: Fly out, F8 (Flyball, 89M)
|
Bottom of the 3rd over - 0 run(s), 0 hit(s), 0 error(s), 0 left on base; Newark 2 - Rio Grande 0 |
TOP OF THE 4TH |
Newark Bulldogs batting - Pitching for Rio Grande Rattlesnake : RHP Manny Silva
|
Batting: RHB Norris Howard
|
0-0: Ball 1-0: Ball 2-0: Swinging Strike 2-1: Fly out, F7 (Flyball, 7LMF)
|
Batting: LHB Wes Thompson
|
0-0: Swinging Strike 0-1: Swinging Strike 0-2: Ball 1-2: SINGLE (Line Drive, 8LS)
|
Batting: RHB Pablo Gómez
|
0-0: Called Strike 0-1: Called Strike 0-2: Ball 1-2: Ball 2-2: Ball 3-2: Fly out, F4 (Popup, 4MS)
|
Batting: LHB Ángel Tuzzi
|
0-0: SINGLE (Groundball, 34D) Wes Thompson to second Runner from 2nd tries for 3rd, SAFE, throw made to third
|
Batting: RHB Juan Martínez
|
0-0: Called Strike 0-1: Fly out, F6 (Popup, 6)
|
Top of the 4th over - 0 run(s), 2 hit(s), 0 error(s), 2 left on base; Newark 2 - Rio Grande 0 |
BOTTOM OF THE 4TH |
Rio Grande Rattlesnake batting - Pitching for Newark Bulldogs : RHP Russ Brown
|
Batting: RHB Cristián Román
|
0-0: SINGLE (Line Drive, 9S)
|
Batting: RHB Miguel Hernández
|
0-0: Foul Ball, location: 2F 0-1: Foul Ball, location: 2F 0-2: Ball 1-2: Strikes out looking
|
Batting: RHB Joe Courtier
|
0-0: Ball 1-0: Ball 2-0: Ball 3-0: Base on Balls Cristián Román to second
|
Batting: RHB Jeff Bane
|
0-0: Fly out, F3 (Popup, 3S)
|
Batting: RHB Doug Delaney
|
0-0: Called Strike 0-1: Ball 1-1: Foul Ball, location: 2F 1-2: Foul Ball, location: 2F 1-2: Foul Ball, location: 2F 1-2: Fielders Choice at 2nd, 6-4 (Groundball, 6)
|
Bottom of the 4th over - 0 run(s), 1 hit(s), 0 error(s), 1 left on base; Newark 2 - Rio Grande 0 |
TOP OF THE 5TH |
Newark Bulldogs batting - Pitching for Rio Grande Rattlesnake : RHP Manny Silva
|
Batting: LHB Gerardo Guzmán
|
0-0: Called Strike 0-1: Foul Ball, location: 2F 0-2: Strikes out looking
|
Batting: RHB Tony Long
|
0-0: Ball 1-0: Ball 2-0: Ball 3-0: Base on Balls
|
Batting: RHB Ken McDonald
|
0-0: Called Strike 0-1: Fly out, F8 (Flyball, 8RM)
|
Batting: RHB Randy Simons
|
0-0: Ball 1-0: Ball 2-0: SINGLE (Groundball, 6MD) Tony Long to second Runner from 2nd tries for 3rd, OUT!
|
Top of the 5th over - 0 run(s), 1 hit(s), 0 error(s), 1 left on base; Newark 2 - Rio Grande 0 |
BOTTOM OF THE 5TH |
Rio Grande Rattlesnake batting - Pitching for Newark Bulldogs : RHP Russ Brown
|
Batting: RHB Gilberto Silva
|
0-0: Called Strike 0-1: Ball 1-1: Fly out, F8 (Flyball, 8RXD)
|
Batting: RHB Juan López
|
0-0: Foul Ball, location: 2F 0-1: Swinging Strike 0-2: Strikes out swinging, 2-3 out at first.
|
Batting: RHB David Suarze
|
0-0: Ball 1-0: Ball 2-0: SINGLE (Line Drive, 4D)
|
Batting: SHB William Daly
|
0-0: Ball 1-0: Ball 2-0: Foul Ball, location: 2F 2-1: Swinging Strike 2-2: Foul Ball, location: 2F 2-2: Ball 3-2: Strikes out swinging
|
Bottom of the 5th over - 0 run(s), 1 hit(s), 0 error(s), 1 left on base; Newark 2 - Rio Grande 0 |
TOP OF THE 6TH |
Newark Bulldogs batting - Pitching for Rio Grande Rattlesnake : RHP Manny Silva
|
Batting: RHB Norris Howard
|
0-0: Swinging Strike 0-1: Called Strike 0-2: Foul Ball, location: 2F 0-2: Strikes out swinging
|
Batting: LHB Wes Thompson
|
0-0: Ball 1-0: Called Strike 1-1: Ball 2-1: Foul Ball, location: 2F 2-2: Foul Ball, location: 2F 2-2: Strikes out looking
|
Batting: RHB Pablo Gómez
|
0-0: Foul Ball, location: 2F 0-1: Ball 1-1: SINGLE (Flyball, 6MD)
|
Batting: LHB Ángel Tuzzi
|
0-0: Fly out, F7 (Flyball, 7)
|
Top of the 6th over - 0 run(s), 1 hit(s), 0 error(s), 1 left on base; Newark 2 - Rio Grande 0 |
BOTTOM OF THE 6TH |
Rio Grande Rattlesnake batting - Pitching for Newark Bulldogs : RHP Russ Brown
|
Batting: RHB Cristián Román
|
0-0: Ball 1-0: Called Strike 1-1: Foul Ball, location: 2F 1-2: Ball 2-2: Strikes out swinging
|
Batting: RHB Miguel Hernández
|
0-0: Ball 1-0: Called Strike 1-1: Foul Ball, location: 2F 1-2: Ball 2-2: Foul Ball, location: 2F 2-2: Ball 3-2: Ground out 5-3 (Groundball, 56S)
|
Batting: RHB Joe Courtier
|
0-0: SOLO HOME RUN (Flyball, 89XD), Distance : 382 ft
|
Batting: RHB Jeff Bane
|
0-0: Ball 1-0: Foul Ball, location: 2F 1-1: SINGLE (Line Drive, 8RS)
|
Pitching: RHP Chris Johns
|
|
Batting: RHB Doug Delaney
|
0-0: Ball 1-0: Called Strike 1-1: Foul Ball, location: 2F 1-2: Ball Jeff Bane steals 2nd base 2-2: Foul Ball, location: 2F 2-2: Ball 3-2: Ground out 4-3 (Groundball, 4)
|
Bottom of the 6th over - 1 run(s), 2 hit(s), 0 error(s), 1 left on base; Newark 2 - Rio Grande 1 |
TOP OF THE 7TH |
Newark Bulldogs batting - Pitching for Rio Grande Rattlesnake : RHP Manny Silva
|
Batting: RHB Juan Martínez
|
0-0: Ball 1-0: Swinging Strike 1-1: SINGLE (Flyball, 8RS)
|
Batting: LHB Gerardo Guzmán
|
0-0: Ball Pickoff Throw to First - Error! E1 Juan Martínez to second 1-0: Bunted foul 1-1: Sac Bunt - play at first, batter OUT! 1-4 Juan Martínez to third
|
Batting: RHB Emílio Salas
|
0-0: Called Strike 0-1: Ball 1-1: Foul Ball, location: 2F 1-2: Strikes out swinging
|
Batting: RHB Ken McDonald
|
0-0: Ball 1-0: Ball 2-0: Called Strike 2-1: Foul Ball, location: 2F 2-2: Strikes out swinging
|
Top of the 7th over - 0 run(s), 1 hit(s), 1 error(s), 1 left on base; Newark 2 - Rio Grande 1 |
BOTTOM OF THE 7TH |
Rio Grande Rattlesnake batting - Pitching for Newark Bulldogs : RHP Chris Johns
|
Batting: RHB Gilberto Silva
|
0-0: Ball 1-0: Called Strike 1-1: SINGLE (Groundball, 6MD)
|
Batting: RHB Juan López
|
0-0: Ball 1-0: Sac Bunt - play at first, batter OUT! 1-4 Gilberto Silva to second
|
Pinch Hitting: RHB Mario López
|
0-0: Called Strike 0-1: Called Strike 0-2: SINGLE (Groundball, 6MD) Gilberto Silva to third Runner from 3rd tries for Home, SAFE, no throw
|
Batting: SHB William Daly
|
0-0: Called Strike 0-1: Foul Ball, location: 2F 0-2: Strikes out swinging
|
Batting: RHB Cristián Román
|
0-0: Called Strike 0-1: SINGLE (Line Drive, 8RS) Mario López to second
|
Batting: RHB Miguel Hernández
|
0-0: Foul Ball, location: 2F 0-1: Foul Ball, location: 2F 0-2: Ball 1-2: Strikes out swinging
|
Bottom of the 7th over - 1 run(s), 3 hit(s), 0 error(s), 2 left on base; Newark 2 - Rio Grande 2 |
TOP OF THE 8TH |
Newark Bulldogs batting - Pitching for Rio Grande Rattlesnake : RHP Manny Silva
|
Now at SS: Jeremy Holmes
|
|
Pinch Hitting: LHB Marvin Morris
|
0-0: Foul Ball, location: 2F 0-1: Ground out 4-3 (Groundball, 34D)
|
Pinch Hitting: LHB Wes Stone
|
0-0: Ball 1-0: Ball 2-0: Foul Ball, location: 2F 2-1: Foul Ball, location: 2F 2-2: Strikes out swinging
|
Batting: LHB Wes Thompson
|
0-0: Ball 1-0: Called Strike 1-1: Ball 2-1: Swinging Strike 2-2: Strikes out swinging
|
Top of the 8th over - 0 run(s), 0 hit(s), 0 error(s), 0 left on base; Newark 2 - Rio Grande 2 |
BOTTOM OF THE 8TH |
Rio Grande Rattlesnake batting - Pitching for Newark Bulldogs : RHP Chris Johns
|
Now at 2B: Stan Simpson
|
|
Now in LF: Wes Stone
|
|
Batting: RHB Joe Courtier
|
0-0: Ball 1-0: Foul Ball, location: 2F 1-1: Foul Ball, location: 2F 1-2: Strikes out looking
|
Batting: RHB Jeff Bane
|
0-0: Ball 1-0: Fly out, F8 (Line Drive, 8RD)
|
Batting: RHB Doug Delaney
|
0-0: Ground out 1-3 (Groundball, 13)
|
Bottom of the 8th over - 0 run(s), 0 hit(s), 0 error(s), 0 left on base; Newark 2 - Rio Grande 2 |
TOP OF THE 9TH |
Newark Bulldogs batting - Pitching for Rio Grande Rattlesnake : RHP Manny Silva
|
Pitching: RHP Myron Burgess
|
|
Pinch Hitting: RHB Michael Skinner
|
0-0: Swinging Strike 0-1: Called Strike 0-2: Strikes out swinging
|
Batting: LHB Ángel Tuzzi
|
0-0: Ball 1-0: Ball 2-0: Ball 3-0: Base on Balls
|
Pinch Hitting: RHB Gabriel Villegas
|
0-0: Foul Ball, location: 2F 0-1: Ball 1-1: Ball 2-1: Ball 3-1: Foul Ball, location: 2F 3-2: Base on Balls Ángel Tuzzi to second
|
Batting: LHB Gerardo Guzmán
|
0-0: Called Strike 0-1: Fielders Choice at 2nd, 6-4 (Groundball, 6) Ángel Tuzzi to third
|
Batting: RHB Emílio Salas
|
0-0: Foul Ball, location: 2F 0-1: Foul Ball, location: 2F 0-2: Ball 1-2: Ball 2-2: Foul Ball, location: 2F 2-2: Strikes out swinging
|
Top of the 9th over - 0 run(s), 0 hit(s), 0 error(s), 2 left on base; Newark 2 - Rio Grande 2 |
BOTTOM OF THE 9TH |
Rio Grande Rattlesnake batting - Pitching for Newark Bulldogs : RHP Chris Johns
|
Now at C: Gabriel Villegas
|
|
Now at SS: Larry Booth
|
|
Batting: RHB Gilberto Silva
|
0-0: Ball 1-0: Ball 2-0: Fly out, F9 (Flyball, 9S)
|
Pinch Hitting: RHB Paul Martin
|
0-0: Called Strike 0-1: Ball 1-1: Ball 2-1: Ball 3-1: Called Strike 3-2: Base on Balls
|
Pinch Runner at 1st Chris Charles:
|
|
Pinch Hitting: SHB Brian Moyer
|
0-0: Ball 1-0: 2-RUN HOME RUN (Flyball, 89XD), Distance : 370 ft
|
Tuesday, August 8th, 2017 - OOTP Baseball 17.12 Build 75
|
|